 Dungeon Crawl Stone Soup version 0.31-a0-232-gb1c03b2570 (webtiles) character file.

Game seed: 8295954668726477075

170 qw the Shooter (level 5, -3/45 HPs)
             Began as a Minotaur Hexslinger on July 7, 2023.
             Slain by an iguana (8 damage)
             ... on level 3 of the Dungeon.
             The game lasted 00:00:50 (2712 turns).

qw the Shooter (Minotaur Hexslinger)                Turns: 2712, Time: 00:00:51

Health: -3/45      AC:  6    Str: 12    XL:     5   Next: 25%
Magic:  5/5        EV: 11    Int: 10    God:
Gold:   163        SH:  0    Dex: 15    Spells: 5/6 levels left

rFire   . . .        Y - +1 sling
rCold   . . .        (no shield)
rNeg    . . .        f - +0 ring mail
rPois   .            (helmet restricted)
rElec   .            b - +0 cloak
rCorr   .            (no gloves)
SInv    .            (no boots)
Will    .....        (no amulet)
Stlth   +            (no ring)
HPRegen 0.27/turn    (no ring)
MPRegen 0.09/turn

%: no passive effects
@: no status effects
A: horns 2, retaliatory headbutt
a: no special abilities


You were on level 3 of the Dungeon.
You visited 1 branch of the dungeon, and saw 4 of its levels.

You collected 163 gold pieces.


Innate Abilities, Weirdness & Mutations

You have a pair of horns on your head.
You reflexively headbutt those who attack you in melee.


   Skills:
 - Level 3.2 Fighting
 + Level 5.1 Ranged Weapons
 - Level 1.2 Armour
 - Level 2.1 Dodging
 - Level 1.0 Spellcasting
 - Level 2.0 Hexes


You had 5 spell levels left.
You knew the following spells:

 Your Spells              Type           Power      Damage    Failure   Level
a - Slow                  Hex            16%        N/A       34%         1

Your spell library contained the following spells:

 Spells                   Type           Power      Damage    Failure   Level
 Inner Flame              Hex/Fire       2%         N/A       83%         3
 Portal Projectile        Hex/Tloc       4%         N/A       83%         3
 Cause Fear               Hex            2%         N/A       98%         4

Inventory:

Hand Weapons
 Y - a +1 sling (weapon)
Armour
 b - a +0 cloak (worn)
 f - a +0 ring mail (worn)
Scrolls
 c - a scroll of identify
Potions
 e - a potion of magic {unknown}

Dungeon Overview and Level Annotations

Branches:
Dungeon (4/15)
 Temple: D:4-7

Altars:
Gozag


Message History

You shoot a sling bullet.
The sling bullet hits the iguana but does no damage.
The iguana is moderately wounded.
The iguana barely misses you. The iguana closely misses you.
You shoot a sling bullet.
The sling bullet barely misses the iguana.
The iguana closely misses you.
You shoot a sling bullet. The sling bullet hits the iguana.
The iguana is moderately wounded.
The iguana bites you.
You shoot a sling bullet.
The sling bullet closely misses the iguana.
The iguana barely misses you.
You shoot a sling bullet. The sling bullet hits the iguana.
The iguana is heavily wounded.
The iguana completely misses you. The iguana bites you.
You shoot a sling bullet. The sling bullet hits the iguana.
The iguana is severely wounded.
The iguana bites you.
You shoot a sling bullet. The sling bullet hits the iguana.
The iguana is almost dead.
The iguana closely misses you.
You shoot a sling bullet.
The sling bullet barely misses the iguana.
The iguana bites you.
The iguana bites you but does no damage.
You shoot a sling bullet.
The sling bullet barely misses the iguana.
The iguana closely misses you.
You shoot a sling bullet.
The sling bullet closely misses the iguana.
The iguana bites you.
You shoot a sling bullet.
The sling bullet closely misses the iguana.
The iguana bites you!
You shoot a sling bullet.
The sling bullet barely misses the iguana.
The iguana bites you but does no damage.
The iguana bites you!
You die...

.# #...# #.## #.....### .#
#.#.# #..# #.....# .#
#.############.# #.#.#.# .#
#...~~ยค....###.### #.....# .#
##########.#.....# #.....# .#
#.#.#.#.####.#.#.# .# ###
#..........#.....# .### #.#
#.#.#.#.####.....# ...####.###
#.#@l...####.#.#.#
##........####...#......#.....#
...#...>..<..P.......####.....#
...#.##.#....~.~~..#..###.#.#.#
.....##.####..~~~..##...#.....#
.............~~~~..####.#.....#
##.....[####[~~~~.## #.......#
######## #...P.P# #########
########


You could see an iguana.

Vanquished Creatures
  A hound (D:3)
  A hound skeleton (D:3)
  7 adders
  An adder zombie (D:3)
  A dart slug (D:2)
  2 bats
  3 endoplasms
  5 giant cockroaches
  8 goblins
  2 hobgoblins
  10 jackals (D:1)
  3 quokkas
  4 ball pythons
  2 frilled lizards (D:2)
  3 kobolds
  2 rats (D:1)
55 creatures vanquished.

Notes
Turn   | Place    | Note
-------+----------+-------------------------------------------
     0 | D:1      | qw the Minotaur Hexslinger began the quest for the Orb.
     0 | D:1      | Reached XP level 1. HP: 16/16 MP: 1/1
     0 | D:1      | 0 ||| qw: Version: 0.3-a-46-gb1f654a
     0 | D:1      | 0 ||| qw: Game counter: 2947
     0 | D:1      | 0 ||| qw: Melee chars always use a shield: true
     0 | D:1      | 0 ||| qw: God list: Okawaru
     0 | D:1      | 0 ||| qw: Allow faded altars: false
     0 | D:1      | 0 ||| qw: Do Orc after clearing Dungeon:15 true
     0 | D:1      | 0 ||| qw: Do second Lair branch before Depths: true
     0 | D:1      | 0 ||| qw: Lair rune preference: random
     0 | D:1      | 0 ||| qw: Goals: Normal
     0 | D:1      | 0 ||| PLANNING D:1-11
   155 | D:1      | Reached skill level 3 in Ranged Weapons
   155 | D:1      | Reached XP level 2. HP: 23/23 MP: 2/2
   211 | D:1      | HP: 4/24 [jackal (3)]
   536 | D:1      | Reached XP level 3. HP: 19/29 MP: 3/3
   740 | D:1      | 740 ||| UPGRADING to +0 ring mail.
   750 | D:1      | 750 ||| DROPPING +0 robe.
   751 | D:1      | 751 ||| READING scroll labelled WAEXTIFURGH.
   752 | D:1      | 752 ||| READING scroll labelled BEYSKYETHRY.
   805 | D:1      | 805 ||| READING scroll labelled BONAPN ROUVAPT.
   806 | D:1      | 806 ||| DROPPING scroll of poison.
   855 | D:2      | 855 ||| Stepping ~*~*~tactically~*~*~ (outnumbered).
   947 | D:2      | Reached skill level 4 in Ranged Weapons
   952 | D:2      | Found a faded altar of an unknown god.
  1033 | D:2      | Reached skill level 1 in Armour
  1154 | D:2      | Found an opulent altar of Gozag.
  1564 | D:2      | Reached XP level 4. HP: 36/36 MP: 4/4
  1661 | D:2      | 1661 ||| DROPPING amulet of magic regeneration.
  1662 | D:2      | 1662 ||| READING scroll labelled REISHU KIRULERR.
  1663 | D:2      | 1663 ||| READING scroll labelled WOLEQA HOTUAGO.
  1664 | D:2      | 1664 ||| READING 2 scrolls of identify.
  1664 | D:2      | 1664 ||| IDENTIFYING puce potion
  1665 | D:2      | 1665 ||| DROPPING potion of ambrosia.
  1777 | D:3      | Reached skill level 5 in Ranged Weapons
  1873 | D:3      | Reached XP level 5. HP: 28/42 MP: 5/5
  2081 | D:3      | Reached skill level 3 in Fighting
  2578 | D:3      | 2578 ||| UPGRADING to +0 cloak.
  2583 | D:3      | 2583 ||| READING scroll labelled FURYOH URUD.
  2584 | D:3      | 2584 ||| READING scroll labelled COBOUF FIRI.
  2696 | D:4      | 2696 ||| STAIRDANCE
  2711 | D:3      | HP: 5/45 [iguana (8)]
  2712 | D:3      | Slain by an iguana

Levels and vault maps discovered:
D:1:      mrwooster_arrival_statue_2, layout_basic, minmay_fountain_box,
          dreamdust_wishing_well
D:2:      layout_basic, basic_altar, shapermc_ecumenical_altar_mp_ritualfount
D:3:      layout_loops_ring, serial_undead, serial_undead_f, serial_undead_f,
          serial_undead_a, serial_undead_c, columned_hall_lemuel,
          corexii_corridor_pit, nicolae_half_adder
D:4:      layout_cave_pools, minmay_ruined_shrine, uniq_crazy_yiuf_cottage

Skill      XL: |  1  2  3  4  5 |
---------------+----------------+-----
Ranged Weapons | 3 4 5 |  5.1
Fighting       | 2 3 |  3.2
Armour         | 1 |  1.2
Dodging        | |  2.1
Spellcasting   | |  1.0
Hexes          | |  2.0

Action                     |  1- 3 |  4- 6 || total
---------------------------+-------+-------++-------
   Fire: Sling             |   117 |    88 ||   205
    Use: Scroll            |     3 |     5 ||     8
 Armour: Robe              |    16 |       ||    16
         Ring mail         |     7 |    31 ||    38
  Dodge: Dodged            |    49 |    48 ||    97

Table legend:
 A = Non-vault XP
 B = Vault XP
 C = Vault XP percentage of total XP
 D = Non-vault monster count
 E = Vault monster count
 F = Vault count percentage of total count
                 A         B        C        D         E       F
            +---------+---------+-------+---------+---------+-------
      Total |     165 |      78 |  32.1 |      49 |       6 |  10.9
            +---------+---------+-------+---------+---------+-------
        D:1 |      44 |       0 |   0.0 |      25 |       0 |   0.0
        D:2 |      54 |       0 |   0.0 |      17 |       0 |   0.0
        D:3 |      66 |      78 |  54.2 |       6 |       6 |  50.0
        D:4 |       1 |       0 |   0.0 |       1 |       0 |   0.0
            +---------+---------+-------+---------+---------+-------
